 Seeded DCSS version 0.28-a0-1555-g9ae15a6949 (webtiles) character file.

Game seed: 78 (custom seed)

33 knot the Chopper (level 3, 29/29 HPs)
             Began as a Demonspawn Berserker on Jan 19, 2022.
             Was a Follower of Trog.
             Quit the game on level 2 of the Dungeon.
             The game lasted 00:00:51 (1160 turns).

knot the Chopper (Demonspawn Berserker)             Turns: 1160, Time: 00:00:51

Health: 29/29      AC:  2    Str: 17    XL:     3   Next: 12%
Magic:  3/3        EV: 12    Int: 10    God:    Trog [*.....]
Gold:   23         SH:  0    Dex: 12    Spells: 2/2 levels left

rFire   . . .      SeeInvis .   a - +0 hand axe
rCold   . . .      Faith    .   (no shield)
rNeg    . . .      Spirit   .   b - +0 animal skin
rPois   .          Reflect  .   (no helmet)
rElec   .          Harm     .   (no cloak)
rCorr   .          Rampage  .   (no gloves)
Will    .....                   (no boots)
Stlth   +.........              (no amulet)
HPRegen 0.09/turn               (no ring)
MPRegen 0.16/turn               (no ring)

@: no status effects
A: powered by pain 1, magic regeneration
a: Renounce Religion, Berserk


You were on level 2 of the Dungeon.
You worshipped Trog.
Trog was aware of your devotion.
You visited 1 branch of the dungeon, and saw 2 of its levels.

You collected 23 gold pieces.

Inventory:

Hand Weapons
 a - a +0 hand axe (weapon)
Missiles
 d - 42 stones (quivered)
 f - 5 silver javelins
 i - 3 poisoned darts
Armour
 b - a +0 animal skin (worn)
Scrolls
 e - a scroll of enchant armour {unknown}
 g - a scroll of identify {unknown}
Potions
 c - a potion of curing {unknown}
 h - a potion of heal wounds {unknown}


   Skills:
 - Level 3.0 Fighting
 + Level 3.9 Axes
 - Level 1.7 Armour
 - Level 1.7 Dodging


You had 2 spell levels left.
You didn't know any spells.
Your spell library contained the following spells:

 Spells                   Type           Power      Damage    Failure   Level
 Animate Skeleton         Necr           0%         N/A       36%         1
 Pain                     Necr           0%         1d4       36%         1
 Vampiric Draining        Necr           0%         2d6       75%         3


Dungeon Overview and Level Annotations

Branches:
Dungeon (2/15)

Altars:

Shops:
D:1 [[*:


Innate Abilities, Weirdness & Mutations

You sometimes gain a little power by taking damage.
You regenerate magic rapidly.


Message History

No target in view!
(D) Dungeon
Where to? (? - help)
There is a stone staircase leading down here.
You climb downwards.
There is a stone staircase leading up here.
Found a stone staircase leading down.
There is a stone staircase leading down here.
Found a club.
No target in view!
Found a robe.
No target in view!
You see here a +0 robe.
Found 20 arrows.
d - 42 stones (gained 19)
A frilled lizard comes into view.
Found a thin brass amulet.
The frilled lizard hisses angrily.
You hear an angry hiss.
An adder comes into view.
There are monsters nearby!
Found a mace.
You hit the frilled lizard.
You kill the frilled lizard!
Trog accepts your kill.
An adder is nearby!
You slash the adder!
The adder is severely wounded.
The adder closely misses you. The adder bites you but does no damage.
You barely miss the adder.
The adder is severely wounded.
The adder barely misses you.
You slash the adder!
You kill the adder!
Trog accepts your kill.
You have reached level 3!
Your experience leads to an increase in your attributes!
Increase (S)trength, (I)ntelligence, or (D)exterity?
You feel clever. x2; Your demonic ancestry asserts itself...
You feel energised by your suffering.
Are you sure you want to abandon this character and quit the game? (Confirm with "yes".) # #..# P♣P

#. +..# ....
.##..###)... "..........
#.........#
+........#########
###.†......##......#
##....@#######......#
...................(.###
###.....................
#.###########......### #
#......# #.###### #.#
#.# #.#


There were no monsters in sight!

Vanquished Creatures
  An adder (D:2)
  A dart slug (D:1)
  4 endoplasms (D:1)
  A giant cockroach (D:1)
  2 goblins (D:1)
  A hobgoblin (D:1)
  2 ball pythons (D:1)
  3 bats (D:1)
  3 frilled lizards
  A kobold (D:1)
  4 rats (D:1)
23 creatures vanquished.

Vanquished Creatures (others)
  3 plants (D:1)
3 creatures vanquished.

Grand Total: 26 creatures vanquished

Notes
Turn   | Place    | Note
-------+----------+-------------------------------------------
     0 | D:1      | knot the Demonspawn Berserker began the quest for the Orb.
     0 | D:1      | Reached XP level 1. HP: 18/18 MP: 1/1
    87 | D:1      | Found Vugell's Book Emporium.
    95 | D:1      | Found Giewk's Assorted Antiques.
   177 | D:1      | Found Forr's Armour Boutique.
   238 | D:1      | Found Mublient's Antique Armour Shoppe.
   336 | D:1      | Found a faded altar of an unknown god.
   345 | D:1      | Gained mutation: You regenerate magic rapidly. [demonic
                  | ancestry]
   345 | D:1      | Reached XP level 2. HP: 21/24 MP: 2/2
  1160 | D:2      | Gained mutation: You sometimes gain a little power by
                  | taking damage. [demonic ancestry]
  1160 | D:2      | Reached XP level 3. HP: 29/29 MP: 3/3
  1160 | D:2      | Quit the game

Illustrated notes

Levels and vault maps discovered:
D:1:      erik_arrival_triangle_medium, layout_loops_ring, serial_shops,
          nicolae_shop_overgrown_old_shop, shop, nicolae_shop_behind_doors,
          shop_statue, dreamdust_ecumenical_altar_grove, minivault_23,
          nrook_loot_triangle, minmay_nonomino_d4
D:2:      layout_basic, uniq_jessica, uniq_crazy_yiuf_cottage

Skill      XL: |  1 |
---------------+----+-----
Axes           | 3 |  3.9
Fighting       | |  3.0
Armour         | |  1.7
Dodging        | |  1.7

Action                   || total
-------------------------++-------
Melee: Hand axe          ||    42
       Punch             ||     1
Invok: Berserk           ||     1
 Stab: Sleeping          ||     1
Armor: Animal skin       ||     6
Dodge: Dodged            ||    24

Table legend: (Time is in decaauts)
 A = Elapsed time spent in this place.
 B = Non-inter-level travel time spent in this place.
 C = Inter-level travel time spent in this place.
 D = Time resting spent in this place.
 E = Time spent auto-exploring this place.
 F = Levels seen in this place.
 G = Mean time per level.
                   A        B        C        D        E       F      G
               +--------+--------+--------+--------+--------+-----+--------+
         Total |   1176 |   1156 |     20 |     98 |    929 |   2 |  588.0 |
       Dungeon |   1176 |   1156 |     20 |     98 |    929 |   2 |  588.0 |
               +--------+--------+--------+--------+--------+-----+--------+

Top non-repeatable levels by time:
     D:1: 1078 daAuts
     D:2: 98 daAuts
